 Dungeon Crawl Stone Soup version 0.25-a0-869-g05d4e06 (webtiles) character file.

Game seed: 9550794443777916536, levelgen mode: deterministic

133 Illumine the Chopper (level 5, 0/47 HPs)
             Began as a Hill Orc Fighter on Apr 30, 2020.
             Succumbed to Crazy Yiuf's poison
             ... on level 2 of the Dungeon.
             The game lasted 00:03:05 (1460 turns).

Illumine the Chopper (Hill Orc Fighter)             Turns: 1460, Time: 00:03:06

Health: 0/47       AC: 14    Str: 20    XL:     5   Next: 16%
Magic:  5/5        EV:  5    Int: 11    God:
Gold:   57         SH:  9    Dex: 10    Spells: 4/4 levels left

rFire    + . .     SeeInvis .   a - +0 war axe
rCold    . . .     Gourm    .   c - +0 kite shield
rNeg     . . .     Faith    .   l - +3 chain mail {rF+}
rPois    .         Spirit   .   h - +0 helmet
rElec    .         Reflect  .   (no cloak)
rCorr    .         Harm     .   (no gloves)
MR       .....                  i - +0 pair of boots
Stlth    ..........             (no amulet)
HPRegen  0.15/turn              g - +3 ring of intelligence
MPRegen  0.09/turn              (no ring)

@: mighty, lethally poisoned (0 -> -2), berserk cooldown, stab, slowed, very
slow
A: no striking features
a: no special abilities


You were on level 2 of the Dungeon.
You were not hungry.

You visited 1 branch of the dungeon, and saw 3 of its levels.

You collected 57 gold pieces.

Inventory:

Hand Weapons
 a - a +0 war axe (weapon)
Armour
 c - a +0 kite shield (worn)
 h - a +0 helmet (worn)
 i - a +0 pair of boots (worn)
 l - a +3 chain mail of fire resistance (worn)
Jewellery
 g - a +3 ring of intelligence (left hand)
Scrolls
 e - 4 scrolls of identify {unknown}
 k - a scroll of teleportation {unknown}
Potions
 j - 2 potions of berserk rage
Comestibles
 f - 3 rations


   Skills:
 + Level 4.4 Fighting
 * Level 4.7 Axes
 + Level 4.1 Armour
 + Level 4.0 Shields


You had 4 spell levels left.
You didn't know any spells.
Your spell library was empty.

Dungeon Overview and Level Annotations

Branches:
Dungeon (3/15)

Altars:


Message History

It was a potion of stabbing.
You feel ready to backstab.
* * * LOW HITPOINT WARNING * * *
You feel sick.
* * * LOW HITPOINT WARNING * * *
You feel sick.
* * * LOW HITPOINT WARNING * * *
You feel sick.
You feel very mighty all of a sudden.
* * * LOW HITPOINT WARNING * * *
You feel sick.
You're still recovering from your berserk rage.
There is a lethal amount of poison in your body!
There is a lethal amount of poison in your body!
There is a lethal amount of poison in your body!
There is a lethal amount of poison in your body!
There is a lethal amount of poison in your body!
There is a lethal amount of poison in your body!
Unknown command.
You die...

♣....♣
##.######
♣...♣♣ #.#
♣♣.♣♣ #.#
♣.♣♣ #.#
♣♣.♣ #.#
♣.♣♣ #.#
♣♣.♣ ##)##
#.@.# #...#
.#.# #..)#
##.#.#
#####
###..#.#
........
######
##......
......
#...≈≈≈≈
......
#.##..8≈≈≈≈
###.
......#
#.....≈≈≈≈


There were no monsters in sight!

Vanquished Creatures
  Crazy Yiuf (D:2)
  Terence (D:2)
  2 adders (D:2)
  2 worms (D:2)
  A dart slug (D:1)
  3 leopard geckos
  5 bats (D:2)
  2 giant cockroaches (D:1)
  10 hobgoblins
  A quokka (D:2)
  6 frilled lizards
  6 goblins
  6 kobolds
  5 rats
51 creatures vanquished.

Notes
Turn   | Place    | Note
-------+----------+-------------------------------------------
     0 | D:1      | Illumine the Hill Orc Fighter began the quest for the Orb.
     0 | D:1      | Reached XP level 1. HP: 19/19 MP: 1/1
   214 | D:1      | Reached XP level 2. HP: 27/27 MP: 2/2
   471 | D:1      | Reached XP level 3. HP: 29/33 MP: 3/3
   705 | D:2      | HP: 1/33 [poisoned by an adder]
  1173 | D:2      | Reached XP level 4. HP: 39/40 MP: 4/4
  1293 | D:2      | Noticed Terence
  1304 | D:2      | Killed Terence
  1426 | D:2      | Found a runed translucent door.
  1427 | D:2      | Noticed Crazy Yiuf
  1439 | D:2      | Killed Crazy Yiuf
  1439 | D:2      | Reached XP level 5. HP: 21/47 MP: 5/5
  1455 | D:2      | HP: 2/47 [poisoned by Crazy Yiuf]
  1460 | D:2      | Succumbed to Crazy Yiuf's poison

Levels and vault maps discovered:
D:1:      doesnt_arrival_eight_statues, layout_loops_ring, minivault_25
D:2:      layout_loops_ring, serial_park_tiny_pond, uniq_crazy_yiuf_cottage,
          uniq_terence
D:3:      corexii_shack_village, layout_rooms, first_ration, uniq_natasha,
          uniq_purgy

Skill      XL: |  1  2  3  4 |
---------------+-------------+-----
Axes           | 3 4 |  4.7
Fighting       | 4 |  4.4
Armour         | 4 |  4.1
Shields        | 4 |  4.0

Action                   |  1- 3 |  4- 6 || total
-------------------------+-------+-------++-------
Melee: War axe           |   151 |    58 ||   209
Throw: Throwing net      |       |     1 ||     1
  Use: Potion            |     1 |     3 ||     4
  Eat: Chunk             |     1 |     1 ||     2
Armor: Scale mail        |    65 |    21 ||    86
       Chain mail        |       |     7 ||     7
Dodge: Dodged            |    54 |     6 ||    60
Block: Kite shield       |    82 |    27 ||   109

Table legend:
 A = Non-vault XP
 B = Vault XP
 C = Vault XP percentage of total XP
 D = Non-vault monster count
 E = Vault monster count
 F = Vault count percentage of total count
                 A         B        C        D         E       F
            +---------+---------+-------+---------+---------+-------
      Total |     111 |      80 |  41.9 |      49 |       2 |   3.9
            +---------+---------+-------+---------+---------+-------
        D:1 |      43 |       0 |   0.0 |      25 |       0 |   0.0
        D:2 |      68 |      80 |  54.1 |      24 |       2 |   7.7
            +---------+---------+-------+---------+---------+-------
